Map: Polka LE

Players

AveStalin

  • Race: Zerg Zerg
  • Spawn Location: 5:00

Mercy

  • Race: Protoss Protoss
  • Spawn Location: 5:00

qqq - Winner!

  • Race: Zerg Zerg
  • Spawn Location: 11:00

Massa - Winner!

  • Race: Terran Terran
  • League: Platinum
  • Spawn Location: 11:00

VOD

Have the link to the VOD?

Description

Time

  • Played on: Oct. 29, 2020, 4:18 p.m.
  • Length: 11:16
Show
View Real Time Build Order
Export as new Build Order

AveStalin Zerg 

Build Orders: Hatch First 

Get SALT Encoding   

  12  0:00  Drone  
  13  0:13  Overlord  
  13  0:17  Drone  
  14  0:31  Drone x2  
  16  0:35  Drone  
  17  0:53  Hatchery  
  17  0:55  Drone  
  17  0:58  Drone  
  18  1:12  Extractor  
  18  1:14  Spawning Pool  
  18  1:17  Drone  
  17  1:20  Drone  
  18  1:29  Drone  
  19  1:42  Overlord  
  19  1:50  Drone  
  20  2:02  Zergling x2  
  20  2:05  Queen x2  
  20  2:06  Zergling x2  
  26  2:11  Metabolic Boost  
  26  2:13  Drone  
  27  2:20  Drone  
  28  2:25  Drone  
  28  2:28  Drone  
  30  2:41  Hatchery, Drone  
  29  2:55  Drone x3  
  29  2:56  Drone  
  33  2:59  Overlord  
  33  3:06  Queen  
  35  3:16  Overlord  
  35  3:17  Drone  
  35  3:18  Drone x2  
  38  3:21  Drone  
  38  3:22  Drone  
  38  3:23  Drone  
  41  3:35  Overlord  
  41  3:36  Overlord  
  41  3:45  Drone x2  
  43  4:01  Lair  
  43  4:05  Extractor x2  
  43  4:07  Drone x3  
  43  4:08  Roach Warren  
  43  4:09  Drone x3  
  46  4:11  Drone  
  46  4:12  Drone  
  48  4:24  Zergling x4  
  48  4:25  Zergling x6  
  48  4:26  Overlord x2  
  52  4:54  Roach x6  
  56  5:16  Roach  
  56  5:17  Roach x7  
  73  5:21  Ravager x3  
  73  5:22  Ravager  
  73  5:26  Drone x3  
  79  5:29  Glial Reconstitution  
  76  5:46  Roach  
  76  5:47  Roach x2  
  76  5:48  Overlord x2  
  76  5:49  Overlord  
  82  5:59  Spore Crawler  
  82  6:03  Spore Crawler, Roach  
  82  6:04  Overlord x2  
  82  6:07  Drone x6  
  82  6:10  Ravager x2  
  82  6:11  Ravager x8  
  98  6:18  Zergling x2  
  98  6:19  Zergling x8  
  98  6:22  Zergling x2  
  104  6:26  Zergling x8  
  108  6:46  Roach  
  110  6:47  Roach x6  
  115  7:15  Drone x7  
  122  7:26  Spore Crawler  
  119  7:31  Queen  
  119  7:34  Overlord x4  
  115  7:51  Queen x2  
  115  7:53  Spore Crawler  
  118  8:06  Queen  
  56  8:27  Queen  
  53  8:40  Roach x4  
  53  8:41  Roach x15  
  91  8:45  Spore Crawler  
  91  8:47  Spore Crawler  
  89  8:53  Spore Crawler  
  89  8:55  Spore Crawler  
  83  9:00  Spore Crawler  
  81  9:16  Queen x2  
  85  9:17  Nydus Network  
  85  9:19  Ravager x2  
  85  9:21  Ravager  
  85  9:22  Ravager x6  
  93  9:25  Roach  
Show
View Real Time Build Order
Export as new Build Order

Mercy Protoss 

Build Orders:  

Get SALT Encoding   

  12  0:00  Probe  
  13  0:12  Probe  
  14  0:25  Probe  
  14  0:27  Pylon  
  15  0:36  Assimilator  
  15  0:45  Probe  
  15  0:46  Gateway  
  16  0:57  Probe (Chrono Boost)  
  16  1:01  Assimilator  
  16  1:03  Pylon  
  17  1:09  Probe (Chrono Boost)  
  18  1:16  Probe (Chrono Boost)  
  19  1:24  Probe  
  20  1:36  Probe  
  21  1:49  Probe  
  21  1:50  Cybernetics Core  
  22  2:03  Probe  
  23  2:13  Nexus  
  23  2:18  Probe (Chrono Boost)  
  24  2:23  Pylon  
  24  2:33  Adept  
  24  2:35  Probe (Chrono Boost)  
  26  2:46  Probe (Chrono Boost)  
  27  2:53  Warp Gate  
  27  2:58  Robotics Facility  
  27  3:01  Twilight Council  
  27  3:02  Probe  
  28  3:14  Gateway  
  28  3:21  Adept  
  28  3:24  Probe  
  31  3:36  Probe x2  
  33  3:48  Probe  
  34  3:50  Gateway  
  34  3:52  Gateway  
  34  3:54  Probe  
  35  4:11  Pylon  
  35  4:13  Pylon  
  29  4:32  Pylon  
  5  4:46  Probe x2  
  5  4:49  Adept  
  5  4:50  Adept x2  
  10  4:58  Probe  
  10  4:59  Probe  
  12  5:10  Probe  
  12  5:23  Probe  
  13  5:29  Probe  
  14  5:53  Probe x2 (Chrono Boost)  
  16  6:03  Probe x2 (Chrono Boost)  
  18  6:08  Probe x2 (Chrono Boost)  
  20  6:18  Charge  
  20  6:22  Probe  
  21  6:26  Probe  
  22  6:35  Probe (Chrono Boost)  
  22  6:38  Probe (Chrono Boost)  
  25  6:47  Probe (Chrono Boost)  
  25  6:48  Pylon  
  25  6:50  Probe (Chrono Boost)  
  22  7:30  Forge  
  22  7:31  Shield Battery  
  22  7:34  Stalker  
  24  7:54  Probe  
  24  7:55  Probe  
  26  8:04  Photon Cannon  
  26  8:08  Photon Cannon  
  26  8:12  Probe x2  
  28  8:15  Zealot  
  30  8:26  Probe  
  30  8:27  Probe  
  32  8:30  Stalker  
  34  8:42  Probe  
  34  8:43  Probe  
  34  9:00  Photon Cannon  
  32  9:03  Photon Cannon  
  24  9:17  Photon Cannon  
  24  9:28  Stargate  
  24  9:40  Stalker  
  24  9:45  Stalker  
  28  9:57  Stalker  
  28  10:21  Phoenix  
  26  10:34  Stalker x3  
  32  10:46  Phoenix (Chrono Boost)  
Show
View Real Time Build Order
Export as new Build Order

qqq Zerg - Winner!

Build Orders: Hatch First 

Get SALT Encoding   

  12  0:00  Drone  
  13  0:08  Drone  
  14  0:36  Hatchery  
  13  0:43  Drone  
  14  0:50  Overlord  
  14  0:55  Extractor, Drone  
  14  1:09  Drone x2  
  16  1:16  Drone  
  17  1:28  Drone  
  18  1:39  Drone  
  19  1:56  Drone  
  19  1:57  Drone  
  21  2:03  Spawning Pool  
  20  2:08  Drone  
  20  2:10  Drone  
  20  2:13  Drone  
  23  2:23  Drone  
  23  2:25  Overlord  
  23  2:27  Drone  
  25  2:32  Drone  
  25  2:33  Hatchery  
  25  2:35  Drone  
  26  2:41  Overlord  
  26  2:43  Drone  
  27  2:54  Zergling x2  
  27  2:55  Zergling x2  
  27  2:56  Metabolic Boost  
  29  3:06  Queen  
  29  3:09  Lair  
  29  3:11  Drone  
  32  3:13  Zergling x2  
  32  3:29  Zergling x4  
  32  3:30  Drone x2  
  36  3:39  Zergling x2  
  36  3:40  Drone  
  38  3:45  Queen  
  38  3:46  Drone  
  38  3:47  Drone  
  42  3:49  Zergling x2  
  43  4:03  Drone  
  43  4:04  Drone  
  43  4:05  Zergling x2  
  43  4:09  Queen  
  48  4:13  Drone  
  48  4:15  Zergling x2  
  48  4:16  Spire  
  48  4:30  Zergling x4  
  50  4:31  Overlord  
  50  4:32  Overlord x3  
  49  4:53  Zergling x4  
  49  4:54  Drone x3, Zergling x6  
  49  4:57  Extractor  
  49  4:59  Extractor  
  52  5:15  Zergling x4  
  52  5:16  Drone x4  
  52  5:21  Extractor, Drone  
  58  5:34  Mutalisk x2  
  61  5:38  Hatchery  
  61  5:39  Mutalisk  
  57  5:51  Drone  
  57  5:52  Drone x2  
  60  6:01  Drone x3  
  63  6:04  Drone  
  63  6:06  Zerg Flyer Weapons Level 1  
  64  6:13  Overlord  
  64  6:15  Drone x6  
  64  6:17  Hatchery  
  69  6:20  Spine Crawler  
  69  6:23  Drone x4, Extractor  
  71  6:32  Spore Crawler  
  70  6:33  Mutalisk  
  70  6:34  Mutalisk x2  
  76  6:45  Drone x4, Mutalisk  
  82  6:52  Hatchery, Mutalisk  
  83  6:54  Overlord x4  
  83  6:55  Overlord  
  83  6:56  Drone x2  
  85  7:02  Drone x2  
  85  7:03  Extractor, Queen  
  85  7:07  Mutalisk  
  90  7:09  Mutalisk  
  88  7:25  Mutalisk x2  
  89  7:36  Mutalisk x2  
  93  7:51  Mutalisk x2  
  91  7:52  Drone x2  
  91  7:53  Drone x5  
  98  8:00  Mutalisk  
  98  8:01  Zergling x4  
  98  8:02  Zergling x6  
  98  8:03  Zergling x10  
  110  8:17  Mutalisk  
  110  8:18  Mutalisk  
  114  8:22  Mutalisk  
  113  8:31  Drone x4  
  113  8:32  Drone x4  
  121  8:37  Drone x4, Mutalisk x2  
  129  8:44  Drone  
  126  9:08  Mutalisk  
  126  9:09  Mutalisk x2  
  129  9:13  Zerg Flyer Armor Level 1  
  125  10:02  Mutalisk x4  
  125  10:03  Mutalisk x2  
  125  10:04  Drone x3, Mutalisk x3  
  125  10:05  Drone  
  141  10:35  Mutalisk x3  
  145  10:39  Overlord x3  
  145  10:40  Extractor x2, Overlord x3  
  145  10:41  Drone x2  
  147  10:44  Extractor  
Show
View Real Time Build Order
Export as new Build Order

Massa Terran - Winner!

Build Orders: 2 Factory, Gas First Reaper Expand 

Get SALT Encoding   

  12  0:00  SCV  
  13  0:12  SCV  
  14  0:24  SCV  
  14  0:25  Supply Depot  
  15  0:31  Refinery  
  15  0:46  SCV  
  15  0:48  Barracks  
  16  0:58  SCV  
  17  1:10  SCV  
  18  1:22  SCV  
  19  1:50  Factory  
  19  1:52  Orbital Command  
  19  1:56  Reaper  
  20  2:07  Command Center  
  20  2:18  SCV  
  21  2:27  Marine  
  22  2:38  Supply Depot  
  21  2:54  Supply Depot  
  21  2:56  Barracks Reactor  
  21  3:00  Hellion  
  23  3:07  SCV  
  23  3:08  Barracks  
  24  3:20  Factory  
  24  3:21  Orbital Command  
  24  3:22  SCV, Hellion  
  27  3:31  Marine x2  
  28  3:43  Hellion  
  28  3:46  SCV  
  31  3:49  Marine x2  
  31  3:51  Engineering Bay  
  31  3:53  SCV  
  34  3:58  SCV  
  35  4:04  Widow Mine  
  35  4:05  SCV  
  35  4:07  Factory Tech Lab, Marine  
  35  4:08  Marine  
  40  4:10  Barracks Tech Lab, SCV  
  41  4:17  SCV  
  38  5:11  Marine  
  38  5:12  Marine  
  38  5:13  Siege Tank  
  41  5:16  Stimpack  
  41  5:17  Marauder  
  43  5:26  Hellion  
  43  5:29  Marine x2  
  43  5:30  SCV x2  
  43  5:34  Missile Turret  
  47  5:37  Missile Turret  
  47  5:38  Marauder  
  47  5:39  Missile Turret  
  47  5:42  SCV x2  
  51  5:47  Hellion, Marine  
  51  5:49  Command Center  
  54  5:55  Barracks  
  54  5:59  Starport  
  54  6:00  Supply Depot x2  
  54  6:04  Supply Depot  
  54  6:06  Refinery  
  54  6:18  Refinery  
  54  6:20  Refinery  
  54  6:21  SCV x2, Marine x2  
  54  6:22  Hellion, Marauder  
  54  6:23  Supply Depot  
  62  6:34  SCV x2  
  62  6:39  Marine  
  65  6:43  Widow Mine  
  65  6:46  SCV  
  68  6:55  Combat Shield  
  62  7:31  Orbital Command  
  62  7:33  SCV x2  
  62  7:35  Barracks Reactor  
  62  7:36  Siege Tank  
  67  7:37  Marine x2  
  67  7:39  Marauder  
  67  7:40  Medivac  
  73  7:45  SCV x2  
  73  7:55  Marine x2  
  73  7:57  SCV x2  
  77  8:01  Marauder  
  79  8:09  SCV  
  80  8:13  Marine  
  74  8:22  Marauder  
  74  8:23  Marine x2  
  77  8:27  Marine  
  77  8:34  Orbital Command  
  77  8:41  Marine x2  
  78  8:43  Marauder  
  82  8:54  Barracks Reactor, Supply Depot  
  81  8:58  Marine  
  81  8:59  Marine, Medivac  
  85  9:05  Marauder  
  87  9:16  Marine x2  
  89  9:26  Marauder  
  89  9:29  Medivac  
  82  9:35  Marine  
  82  9:36  Marine x3  
  73  9:38  Siege Tank  
  73  9:47  Marine  
  73  9:50  Barracks  
  73  9:52  Barracks  
  74  9:53  Marine  
  74  9:54  Marine x3  
  74  9:55  Barracks  
  74  9:59  SCV, Liberator  
  82  10:00  SCV x2  
  82  10:05  Marauder  
  86  10:11  Marine x4, Siege Tank  
  86  10:12  SCV x3  
  96  10:20  Factory Tech Lab  
  96  10:24  SCV x3  
  96  10:27  Marauder  
  101  10:38  Supply Depot  
  101  10:39  Supply Depot  
  101  10:41  Supply Depot  
  101  10:47  Supply Depot  
  101  10:59  SCV x3  
  101  11:01  Supply Depot  
  101  11:04  Supply Depot  
  113  11:06  Armory  
  113  11:11  Supply Depot  
Tags
 
Add a new tag
Caveats
  • Supply blocks, unpowered buildings, or Contaminate may cause inaccurate times.
  • Supply counts are checked every 10 seconds.